 Dungeon Crawl Stone Soup version 0.31-a0-180-g519b7de00c (webtiles) character file.

Game seed: 554016617942823657

1099 Ijustatesigmund the Stinger (level 8, 0/48 HPs)
             Began as an Octopode Venom Mage on June 19, 2023.
             Succumbed to seandewar5's ghost's poison
             ... on level 6 of the Dungeon on June 20, 2023.
             The game lasted 00:09:56 (6182 turns).

Ijustatesigmund the Stinger (Octopode Venom Mage)   Turns: 6182, Time: 00:09:57

Health: 0/48       AC:  5    Str:  7    XL:     8   Next: 32%
Magic:  23/23      EV: 13    Int: 19    God:
Gold:   326        SH:  5    Dex: 13    Spells: 3/15 levels left

rFire   . . .        n - +1 war axe
rCold   . . .        (no shield)
rNeg    . . .        (helmet restricted)
rPois   .            k - amulet of reflection
rElec   .            j - +4 ring of slaying
rCorr   .            l - ring of magical power
SInv    .            q - +4 ring of protection
Will    .....        (no ring)
Stlth   +++          (no ring)
HPRegen 0.28/turn    (no ring)
MPRegen 0.18/turn    (no ring)
                     (no ring)

%: reflection
@: mighty, lethally poisoned (0 -> -14)
A: almost no armour, amphibious, 8 rings, camouflage 1, gelatinous body 1,
(nimble swimmer 1), tentacles
a: no special abilities


You were on level 6 of the Dungeon.
You visited 1 branch of the dungeon, and saw 6 of its levels.

You collected 348 gold pieces.
You spent 22 gold pieces at shops.

Inventory:

Hand Weapons
 d - a +0 broad axe
 n - a +1 war axe (weapon)
Jewellery
 j - a +4 ring of slaying (left tentacle)
 k - an amulet of reflection (around mantle)
 l - a ring of magical power (right tentacle)
 q - a +4 ring of protection (on tentacle)
 r - a ring of ice
Wands
 c - a wand of charming (8)
Scrolls
 h - 3 scrolls of identify
 p - 2 scrolls of teleportation {unknown}
Potions
 a - a potion of magic
 e - a potion of brilliance
 g - 2 potions of might
 m - 3 potions of enlightenment
 o - a potion of mutation {unknown}


   Skills:
 - Level 1.5 Fighting
 + Level 3.3 Axes
 - Level 2.0 Dodging
 - Level 2.6 Stealth
 + Level 4.3 Spellcasting
 + Level 3.6 Conjurations
 + Level 2.2 Translocations
 - Level 1.0 Transmutations
 + Level 3.6 Air Magic
 + Level 6.1 Poison Magic


You had 3 spell levels left.
You knew the following spells:

 Your Spells              Type           Power      Damage    Failure   Level
a - Sting                 Tmut/Pois      68%        1d6       3%          1
b - Poisonous Vapours     Pois/Air       44%        N/A       2%          2
c - Mephitic Cloud        Conj/Pois/Air  21%        N/A       6%          3
d - Olgreb's Toxic Radia  Pois           27%        N/A       11%         4
e - Blink                 Tloc           24%        N/A       9%          2

Your spell library contained the following spells:

 Spells                   Type           Power      Damage    Failure   Level
 Kiss of Death            Conj/Necr      44%        2d8       6%          1
 Summon Small Mammal      Summ           16%        N/A       14%         1
 Call Canine Familiar     Summ           4%         N/A       38%         3
 Summon Guardian Golem    Hex/Summ       4%         N/A       38%         3
 Manifold Assault         Tloc           12%        N/A       47%         4
 Storm Form               Tmut/Air       6%         N/A       100%        7
 Maxwell's Capacitive Co  Air            9%         ∞         100%        8


Dungeon Overview and Level Annotations

Branches:
Dungeon (6/15)
 Temple: D:4-7

Altars:
Fedhas
Uskayaw
Wu Jian
The Shining One

Shops:
D:1 ?

Annotations:
D:6 1 runed translucent door, seandewar5's ghost, novice OgCA


Innate Abilities, Weirdness & Mutations

You cannot wear most types of armour.
You are amphibious.
You can wear up to eight rings at the same time.
Your skin changes colour to match your surroundings (Stealth+).
Your rubbery body absorbs attacks. (AC +1, EV +1)
((You are camouflaged when in or above water. (Stealth+)))
You have tentacles for arms and can constrict up to eight enemies at once.


Message History

Seandewar5's ghost is heavily damaged.
* * * LOW HITPOINT WARNING * * *
You feel very sick. Seandewar5's ghost closely misses you.
You slice seandewar5's ghost!!
Seandewar5's ghost is severely damaged.
You feel very sick. Seandewar5's ghost hits you!
* * * LOW HITPOINT WARNING * * *
You are more poisoned.
You feel much better.
You feel very sick. Seandewar5's ghost hits you.
You're too confused to move!
You feel very sick. Seandewar5's ghost hits you!
You are lethally poisoned!
You barely miss seandewar5's ghost. Your squeeze misses seandewar5's ghost.
Seandewar5's ghost is severely damaged.
* * * LOW HITPOINT WARNING * * *
You feel extremely sick.
Seandewar5's ghost says, "I burned twice as bright, and look where it got me..."
Seandewar5's ghost misses you. Seandewar5's ghost closely misses you.
You slash seandewar5's ghost!
Seandewar5's ghost is severely damaged.
You feel less invigorated.
You feel less confused.
* * * LOW HITPOINT WARNING * * *
You feel extremely sick. You block seandewar5's ghost's attack.
You hit seandewar5's ghost.
Seandewar5's ghost is almost destroyed.
* * * LOW HITPOINT WARNING * * *
You feel very sick. Seandewar5's ghost barely misses you.
Okay, then.
Blink to where?
Press: ? - help, Dir - move target
As you read the scroll of blinking, it crumbles to dust.
You die...

#...#W# ##S##§#
#~F~#.# #~~~#.#
#~~~#.# #Wr~#.#
#~$~#.# .. #~~~#.# #.
#~~~#@# #. #~WF#.#
#.## #~rF#.# #...
##+##.# ##..# #.....#
#...# #..##.# #.#.##
##.###.#####
###....####.#...#)...#
....)#.....#.###.###.#


There were no monsters in sight!

Vanquished Creatures
  Prince Ribbit (D:6)
  A black bear (D:5)
  A centaur (D:5)
  2 phantoms
  A kobold brigand (D:3)
  3 bullfrogs (D:6)
  A howler monkey (D:5)
  A hound (D:6)
  A jelly (D:4)
  2 iguanas
  4 gnolls (D:5)
  4 adders
  An ufetubus (D:6)
  2 worms
  3 dart slugs
  10 orcs
  5 endoplasms
  4 giant cockroaches
  11 goblins
  4 hobgoblins
  3 jackals (D:1)
  3 quokkas
  5 ball pythons
  8 bats
  3 frilled lizards
  6 kobolds
  8 rats
98 creatures vanquished.

Notes
Turn   | Place    | Note
-------+----------+-------------------------------------------
     0 | D:1      | Ijustatesigmund the Octopode Venom Mage began the quest for
                  | the Orb.
     0 | D:1      | Reached XP level 1. HP: 11/11 MP: 3/3
    66 | D:1      | You fall into a shaft and drop 1 floor!
    80 | D:1      | Found a faded altar of an unknown god.
    97 | D:1      | Got Plato's Catalogue of Death
   183 | D:1      | Reached XP level 2. HP: 17/18 MP: 3/5
   186 | D:1      | Learned a level 2 spell: Poisonous Vapours
   266 | D:1      | Reached skill level 1 in Fighting
   266 | D:1      | Reached skill level 4 in Poison Magic
   540 | D:1      | Reached XP level 3. HP: 23/23 MP: 3/6
   550 | D:1      | Learned a level 3 spell: Mephitic Cloud
   682 | D:1      | Found Somof Qemi's Magic Scroll Boutique.
   687 | D:1      | Bought a scroll of identify for 22 gold pieces
  1081 | D:2      | Upgraded the game from 0.31-a0-177-g4aa6249778 to
                  | 0.31-a0-180-g519b7de00c
  1151 | D:2      | Reached skill level 1 in Air Magic
  1625 | D:2      | Reached XP level 4. HP: 28/28 MP: 4/7
  2245 | D:3      | Noticed a kobold brigand
  2253 | D:3      | Killed a kobold brigand
  2254 | D:3      | Reached skill level 1 in Axes
  2254 | D:3      | Reached skill level 1 in Conjurations
  2254 | D:3      | Reached XP level 5. HP: 8/33 MP: 3/9
  2641 | D:3      | Found a hide-covered altar of Uskayaw.
  3494 | D:4      | Found a large runed translucent door.
  3495 | D:4      | Found a large runed translucent door.
  3871 | D:4      | Noticed a phantom
  3874 | D:4      | Reached XP level 6. HP: 22/38 MP: 10/10
  3898 | D:4      | HP: 1/38 [phantom (3)]
  3909 | D:4      | Reached skill level 5 in Poison Magic
  4446 | D:4      | Found an ornate altar of the Wu Jian Council.
  4457 | D:4      | Found a glowing golden altar of the Shining One.
  4503 | D:5      | Entered Level 5 of the Dungeon
  4644 | D:5      | Reached XP level 7. HP: 23/43 MP: 12/12
  5164 | D:5      | Learned a level 4 spell: Olgreb's Toxic Radiance
  5167 | D:5      | Learned a level 2 spell: Blink
  5567 | D:5      | Reached skill level 1 in Translocations
  5928 | D:6      | Found a blossoming altar of Fedhas.
  6023 | D:6      | Noticed Prince Ribbit
  6033 | D:6      | Killed Prince Ribbit
  6034 | D:6      | Reached skill level 6 in Poison Magic
  6034 | D:6      | Reached XP level 8. HP: 48/48 MP: 14/14
  6092 | D:6      | Found a runed translucent door.
  6132 | D:6      | Noticed seandewar5's ghost (novice OgCA)
  6150 | D:6      | Found a runed translucent door.
  6182 | D:6      | Succumbed to seandewar5's ghost's poison

Illustrated notes

Levels and vault maps discovered:
D:1:      dpeg_arrival_subterranean_lakeside_camping, layout_basic,
          serial_shops, shop, shapermc_ecumenical_altar_rom_forum,
          minmay_pentomino_z2
D:2:      layout_loops_corners, minivault_11, kennysheep_donut
D:3:      layout_loops_ring, nicolae_uskayaw_murder_on_the_dancefloor
D:4:      layout_loops_corners, jmf_multi_god_temple2, st_stairs_4,
          kennysheep_flooded_box, grunt_ministairs_4
D:5:      layout_gridville
D:6:      layout_loops_ring, lemuel_round_altar, ebering_ghost_sewer_f,
          uniq_prince_ribbit1, uniq_pikel

Skill      XL: |  1  2  3  4  5  6  7 |
---------------+----------------------+-----
Fighting       | 1 |  1.5
Poison Magic   | 4 5 6 |  6.1
Air Magic      | 1 2 3 |  3.6
Axes           | 1 2 3 |  3.3
Conjurations   | 1 2 3 |  3.6
Spellcasting   | 3 4 |  4.3
Translocations | 2 |  2.2
Dodging        | |  2.0
Stealth        | |  2.6
Transmutations | |  1.0

Action                     |  1- 3 |  4- 6 |  7- 9 || total
---------------------------+-------+-------+-------++-------
  Melee: Unarmed           |    17 |       |       ||    17
         Constrict         |    15 |    13 |    13 ||    41
         Tentacles         |    13 |    19 |    11 ||    43
         Dagger            |    10 |       |       ||    10
         War axe           |    27 |    83 |    50 ||   160
         Punch             |       |     1 |     2 ||     3
   Cast: Sting             |    27 |       |       ||    27
         Poisonous Vapours |    14 |    20 |    12 ||    46
         Olgreb's Toxic Ra |       |       |     1 ||     1
    Use: Scroll            |     5 |     8 |     1 ||    14
         Potion            |       |     5 |     4 ||     9
   Stab: Sleeping          |     3 |     4 |       ||     7
         Distracted        |     1 |       |       ||     1
 Armour: Skin              |     7 |    13 |     2 ||    22
  Dodge: Dodged            |    41 |    36 |    43 ||   120
  Block: Other             |       |       |    14 ||    14
         Reflection        |       |       |     1 ||     1

Table legend: (Time is in decaauts)
 A = Elapsed time spent in this place.
 B = Non-inter-level travel time spent in this place.
 C = Inter-level travel time spent in this place.
 D = Time resting spent in this place.
 E = Time spent auto-exploring this place.
 F = Levels seen in this place.
 G = Mean time per level.
                   A        B        C        D        E       F      G
               +--------+--------+--------+--------+--------+-----+--------+
         Total |   6246 |   6087 |    159 |    963 |   4322 |   6 | 1041.0 |
       Dungeon |   6246 |   6087 |    159 |    963 |   4322 |   6 | 1041.0 |
               +--------+--------+--------+--------+--------+-----+--------+

Top non-repeatable levels by time:
     D:4: 1404 daAuts
     D:5: 1389 daAuts
     D:2: 1128 daAuts
     D:1: 1075 daAuts
     D:3: 937 daAuts
     D:6: 311 daAuts
